 Dungeon Crawl Stone Soup version 0.20.1-1-g8b1a95d (webtiles) character file.

286 Inchmeat the Cudgeler (level 6, -3/52 HPs)
             Began as a Naga Warper on Oct 25, 2017.
             Slain by a gnoll
             ... wielding a +0 club
              (5 damage)
             ... on level 3 of the Dungeon.
             The game lasted 00:10:40 (6381 turns).

Inchmeat the Cudgeler (Naga Warper)                 Turns: 6381, Time: 00:10:41

Health: -3/52      AC:  3    Str: 13    XL:     6   Next: 30%
Magic:  9/9        EV:  9    Int: 14    God:
Gold:   222        SH:  0    Dex: 12    Spells: 5/9 levels left

rFire    + + .     SeeInvis +   a - +0 mace
rCold    . . .     Gourm    .   (no shield)
rNeg     . . .     Faith    .   b - +0 leather armour
rPois    +         Spirit   .   (no helmet)
rElec    +         Reflect  .   (no cloak)
rCorr    +         Harm     .   (no gloves)
MR       .....                  (no barding)
Stlth    +.........             (no amulet)
Regen    0.2/turn               n - ring of fire
MPRegen  0.2/turn               (no ring)

@: lethally poisoned (-3 -> -4), about to teleport, short of breath, resistant,
very slightly contaminated, very slow
A: see invisible, deformed body, poison resistance, slowness 2, slow metabolism
1, spit poison 1, AC +2
a: Spit Poison


You were on level 3 of the Dungeon.
You were not hungry.

You visited 1 branch of the dungeon, and saw 4 of its levels.

You collected 222 gold pieces.

Inventory:

Hand Weapons
 a - a +0 mace (weapon)
Missiles
 i - 13 tomahawks (quivered)
Armour
 b - a +0 leather armour (worn)
 s - a +0 ring mail
Jewellery
 n - a ring of fire (left hand)
Wands
 t - a wand of random effects (24/48)
Scrolls
 h - 5 scrolls of teleportation
 j - a scroll of enchant weapon {unknown}
 k - 3 scrolls of remove curse {unknown}
 l - 3 scrolls of identify {unknown}
 m - 2 scrolls of enchant armour {unknown}
 o - a scroll of random uselessness {unknown}
 p - a scroll of recharging {unknown}
 r - a scroll of magic mapping {unknown}
Books
 c - a book of Spatial Translocations

   Spells                             Type                      Level
   a - Blink                          Translocation                2
   b - Shroud of Golubria             Charms/Translocation         2
   c - Lesser Beckoning               Translocation                3
   d - Gell's Gravitas                Translocation                3
   e - Teleport Other                 Translocation                3
   f - Passage of Golubria            Translocation                4
Comestibles
 f - 2 bread rations
 g - 2 fruits
 q - a royal jelly
 u - a meat ration
 v - a chunk of flesh


   Skills:
 - Level 2.0 Fighting
 * Level 6.0 Maces & Flails
 - Level 0.8 Throwing
 - Level 0.7 Armour
 - Level 1.5 Dodging
 - Level 2.0 Spellcasting
 * Level 3.8 Translocations


You had 5 spell levels left.
You knew the following spells:

 Your Spells              Type           Power        Failure   Level  Hunger
a - Blink                 Tloc           N/A          10%         2    ###....
b - Shroud of Golubria    Chrm/Tloc      #.........   22%         2    ###....


Dungeon Overview and Level Annotations

Branches:
Dungeon (4/15)
 Temple: D:4-7

Altars:
Gozag
Kikubaaqudgha
Ru


Innate Abilities, Weirdness & Mutations

You cannot wear boots.
Your serpentine skin is tough. (AC +2)
You have supernaturally acute eyesight. (SInv)
Armour fits poorly on your strangely shaped body.
Your system is resistant to poisons. (rPois)
You cover ground very slowly.
You have a slow metabolism.
You can spit poison.


Message History

* * * LOW HITPOINT WARNING * * *
The gnoll hits you with a club.
* * * LOW HITPOINT WARNING * * *
You climb upwards.
There is a stone staircase leading down here.
Unknown command.
You aren't carrying any potions.
You aren't carrying any potions.
As you read the scroll labeled MENEXZ NALISS, it crumbles to dust.
You feel strangely unstable.
It was a scroll of teleportation.
The gnoll hits you with a whip.
* * * LOW HITPOINT WARNING * * *
The gnoll hits you but does no damage.
Press: ? - help, Shift-Dir - straight line, f - gnoll
Aim: a gnoll, wielding a whip (almost dead)
The splash of poison hits the gnoll.
The gnoll is poisoned.
You kill the gnoll!
Your Maces & Flails skill increases to level 6!
You feel slightly more hungry.
You feel sick. The gnoll hits you with a club.
You die...

######### #.......#
########
#.#####.#####......#
##.#####.....#.####.#
#.#..........#.####.#
##.#####.#.#......#.#
##.#.####.###.#.##.#.#
##.###.........#)##.#.#
#.## ##.########@g....#
.## ##.# ####.### #.##
##.## #####.#
##.###.###### #.....#
#..#.#.....# #.#####
##.#.##.....# #....#
...####.....# ####.#
#### #.....# #.# #
#.....# #.#


You could see a gnoll.

Vanquished Creatures
  3 orc wizards
  Ijyb (D:3)
  Jessica (D:3)
  A gnoll (D:3)
  4 adders
  An ooze (D:3)
  3 worms
  4 dart slugs
  3 leopard geckos (D:3)
  8 orcs
  3 ball pythons
  5 bats
  4 giant cockroaches
  7 goblins
  5 hobgoblins
  9 jackals
  A quokka (D:3)
  6 frilled lizards
  9 kobolds
  A leopard gecko skeleton (D:4)
  8 rats
87 creatures vanquished.

Notes
Turn   | Place    | Note
-------+----------+-------------------------------------------
     0 | D:1      | Inchmeat the Naga Warper began the quest for the Orb.
     0 | D:1      | Reached XP level 1. HP: 19/19 MP: 3/3
   245 | D:1      | Reached XP level 2. HP: 19/26 MP: 5/5
   492 | D:1      | Learned a level 2 spell: Blink
   495 | D:1      | Learned a level 2 spell: Shroud of Golubria
   641 | D:1      | Reached skill level 3 in Maces & Flails
   982 | D:1      | Reached XP level 3. HP: 31/32 MP: 6/6
  2479 | D:2      | Reached XP level 4. HP: 22/39 MP: 7/7
  2892 | D:2      | Reached skill level 4 in Maces & Flails
  3409 | D:3      | Found an opulent altar of Gozag.
  3439 | D:3      | Noticed Jessica
  3462 | D:3      | Killed Jessica
  3793 | D:3      | Noticed Ijyb
  3911 | D:3      | Killed Ijyb
  3911 | D:3      | Reached XP level 5. HP: 19/45 MP: 8/8
  4399 | D:2      | Reached skill level 5 in Maces & Flails
  5056 | D:3      | Found an ancient bone altar of Kikubaaqudgha.
  5061 | D:3      | Found a sacrificial altar of Ru.
  5853 | D:4      | Noticed an ogre
  6033 | D:4      | Reached XP level 6. HP: 35/52 MP: 5/9
  6381 | D:3      | Reached skill level 6 in Maces & Flails
  6381 | D:3      | HP: 2/52 [poisoned by a worker ant]
  6381 | D:3      | Slain by a gnoll

Skill      XL: |  1  2  3  4  5  6 |
---------------+-------------------+-----
Maces & Flails | 3 4 5 6 |  6.0
Fighting       | |  2.0
Throwing       | |  0.8
Armour         | |  0.7
Dodging        | |  1.5
Spellcasting   | |  2.0
Translocations | |  3.8

Action                   |  1- 3 |  4- 6 || total
-------------------------+-------+-------++-------
Melee: Mace              |   141 |   252 ||   393
       Unarmed           |     3 |       ||     3
Throw: Tomahawk          |       |     5 ||     5
 Cast: Shroud of Golubri |       |     2 ||     2
 Abil: Spit Poison       |     4 |    12 ||    16
  Use: Potion            |     2 |     1 ||     3
       Scroll            |       |     2 ||     2
 Stab: Sleeping          |       |     1 ||     1
  Eat: Chunk             |     3 |     6 ||     9
       Bread ration      |       |     1 ||     1
Armor: Leather armour    |    37 |    30 ||    67
       Skin              |     4 |     1 ||     5
       Ring mail         |       |    29 ||    29
Dodge: Dodged            |    78 |   154 ||   232
